 Dungeon Crawl Stone Soup version 0.31.0-9-g3a7656b989 (webtiles) character file.

Game seed: 8456847194649077079

757 qw the Ducker (level 7, -3/36 HPs)
             Began as a Spriggan Hunter on Feb 2, 2024.
             Slain by Duvessa
             ... wielding a +0 short sword
              (13 damage)
             ... on level 4 of the Dungeon.
             The game lasted 00:00:11 (2708 turns).

qw the Ducker (Spriggan Hunter)                     Turns: 2708, Time: 00:00:11

Health: -3/36      AC:  3    Str:  7    XL:     7   Next: 50%
Magic:  8/8        EV: 27    Int: 11    God:
Gold:   98         SH:  0    Dex: 20    Spells: 6/6 levels left

rFire   . . .        a - +0 shortbow
rCold   . . .        (shield currently unavailable)
rNeg    + . .        d - +0 robe {rN+}
rPois   .            (helmet restricted)
rElec   .            f - +0 cloak
rCorr   .            (gloves unavailable)
SInv    +            (boots unavailable)
Will    +....        (no amulet)
Stlth   ++           h - +5 ring of evasion
HPRegen 0.26/turn    (no ring)
MPRegen 0.11/turn

%: no passive effects
@: very quick
A: very small, no large weapons, unfitting armour, see invisible, speed 3
a: no special abilities


You were on level 4 of the Dungeon.
You visited 2 branches of the dungeon, and saw 5 of its levels.

You collected 158 gold pieces.
You spent 60 gold pieces at shops.


Innate Abilities, Weirdness & Mutations

You are very small and have problems with some larger weapons.
You are too small for most types of armour.
You have supernaturally acute eyesight. (SInv)
You cover ground extremely quickly. (Speed+++)


   Skills:
 - Level 3.0 Fighting
 + Level 7.0 Ranged Weapons
 - Level 7.2 Dodging
 - Level 1.5 Stealth


You had 6 spell levels left.
You didn't know any spells.
Your spell library was empty.

Inventory:

Hand Weapons
 a - a +0 shortbow (weapon)
Armour
 d - a +0 robe of positive energy (worn)
 f - a +0 cloak (worn)
Jewellery
 h - a +5 ring of evasion (left hand)
Scrolls
 c - a scroll of teleportation
 e - 4 scrolls of identify
Potions
 g - a potion of might

Dungeon Overview and Level Annotations

Branches:
Dungeon (4/15)             Temple (1/1) D:4

Altars:
Ashenzari
Cheibriados
Elyvilon
Gozag
Hepliaklqana
Makhleb
Qazlal
Sif Muna
Trog
Uskayaw
Vehumet
Wu Jian
Yredelemnul
Zin

Shops:
D:3 ?(

Annotations:
D:2 1 runed translucent door, Crazy Yiuf
D:4 Duvessa


Message History

Enter note:
Enter note:
Enter note: A hobgoblin comes into view.
The hobgoblin shouts!
You shoot an arrow. The arrow hits the hobgoblin!
You kill the hobgoblin!
Duvessa and Dowan come into view.
You shoot an arrow. The arrow hits Dowan!
Dowan shouts!
Dowan is moderately wounded.
You shoot an arrow. The arrow closely misses Duvessa.
Duvessa shouts!
You shoot an arrow. The arrow hits Dowan!
Dowan is heavily wounded.
You shoot an arrow. The arrow hits Dowan.
Dowan is severely wounded.
You shoot an arrow. The arrow closely misses Duvessa.
You shoot an arrow. The arrow hits Duvessa!
Duvessa is moderately wounded.
You shoot an arrow. The arrow hits Duvessa.
Duvessa is moderately wounded.
You shoot an arrow.
The arrow hits Duvessa but does no damage.
Duvessa is moderately wounded.
You shoot an arrow. The arrow hits Dowan!
You kill Dowan!
Duvessa screams in rage.
Duvessa goes berserk!
Duvessa hits you with a +0 short sword! Duvessa hits you with a +0 short sword.
Your Dodging skill increases to level 7!
You shoot an arrow. The arrow hits Duvessa.
Duvessa is moderately wounded.
Duvessa barely misses you.
You shoot an arrow. The arrow hits Duvessa!
Duvessa is heavily wounded.
Duvessa barely misses you. Duvessa hits you with a +0 short sword!
You shoot an arrow. The arrow closely misses Duvessa.
Duvessa misses you. Duvessa hits you with a +0 short sword!
You die...

## ###... ######......
..##...e)..#
.......@###
..........### ##
............## ##.
.#...........## #..
#............# #..
#...........#### #..
#........###.#.#### ##.
#.....###.....#...###..
#..### #......#....#.##


You could see Duvessa (berserk).

Vanquished Creatures
  Grinder (D:3)
  An orc warrior (D:3)
  A black bear (D:4)
  An ogre (D:4)
  Blork the orc (D:4)
  Dowan (D:4)
  An orc priest (D:3)
  An orc wizard (D:3)
  3 adders
  A gnoll (D:1)
  6 dart slugs
  5 ribbon worms
  6 orcs (D:3)
  6 ball pythons
  8 endoplasms
  3 giant cockroaches
  7 goblins
  8 hobgoblins
  3 kobolds
  6 quokkas
  7 bats
  4 frilled lizards (D:1)
  2 rats (D:3)
83 creatures vanquished.

Vanquished Creatures (others)
  An arcanist (D:3)
1 creature vanquished.

Grand Total: 84 creatures vanquished

Notes
Turn   | Place    | Note
-------+----------+-------------------------------------------
     0 | D:1      | qw the Spriggan Hunter began the quest for the Orb.
     0 | D:1      | Reached XP level 1. HP: 10/10 MP: 2/2
     0 | D:1      | 0 ||| qw: Version: 0.3-a-155-g5e7d8dd
     0 | D:1      | 0 ||| qw: Game counter: 2270
     0 | D:1      | 0 ||| qw: Melee chars always use a shield: true
     0 | D:1      | 0 ||| qw: God list: Okawaru
     0 | D:1      | 0 ||| qw: Allow faded altars: false
     0 | D:1      | 0 ||| qw: Do Orc after clearing Dungeon:15 true
     0 | D:1      | 0 ||| qw: Do second Lair branch before Depths: true
     0 | D:1      | 0 ||| qw: Lair rune preference: random
     0 | D:1      | 0 ||| qw: Goals: Normal
     0 | D:1      | 0 ||| PLANNING D:1-11
    12 | D:1      | Reached skill level 3 in Dodging
   135 | D:1      | Reached XP level 2. HP: 7/14 MP: 3/3
   272 | D:1      | Reached XP level 3. HP: 18/18 MP: 4/4
   487 | D:1      | 487 ||| UPGRADING to +0 cloak.
   492 | D:1      | 492 ||| UPGRADING to +5 ring of evasion.
   493 | D:1      | 493 ||| READING scroll labelled GASOAF WOWN.
   494 | D:1      | 494 ||| READING scroll labelled RIOMATI HEXT.
   595 | D:1      | 595 ||| DROPPING scroll of butterflies.
   771 | D:2      | HP: 3/18 [frozen (4)]
   779 | D:2      | Reached XP level 4. HP: 6/22 MP: 5/5
   927 | D:2      | Found a runed translucent door.
   928 | D:2      | Noticed Crazy Yiuf
  1270 | D:2      | 1270 ||| UPGRADING to +0 robe of positive energy.
  1280 | D:2      | 1280 ||| DROPPING +0 robe.
  1281 | D:2      | 1281 ||| READING scroll labelled AMIOLI RIUN.
  1322 | D:2      | 1322 ||| READING scroll labelled XOT RURONOAL.
  1322 | D:2      | 1322 ||| IDENTIFYING fizzy emerald potion
  1323 | D:2      | 1323 ||| READING scroll labelled VUEHUVOYNT.
  1324 | D:2      | 1324 ||| READING scroll labelled BEILAT AMAI.
  1325 | D:2      | 1325 ||| DRINKING 2 bubbling golden potions.
  1326 | D:2      | 1326 ||| DRINKING bubbling black potion.
  1327 | D:2      | 1327 ||| DRINKING 2 lumpy golden potions.
  1374 | D:2      | 1374 ||| DROPPING potion of ambrosia.
  1441 | D:3      | Found a hide-covered altar of Uskayaw.
  1611 | D:3      | Noticed an orc warrior
  1619 | D:3      | 1619 ||| ZAPPING wand of paralysis (4) at 0,-4 (orc
                  | warrior; floor).
  1620 | D:3      | 1620 ||| ZAPPING wand of paralysis (3) at 0,-3 (orc
                  | warrior; floor).
  1621 | D:3      | 1621 ||| ZAPPING wand of paralysis (2) at 0,-2 (orc
                  | warrior; floor).
  1635 | D:3      | 1635 ||| ZAPPING wand of paralysis (1) at 0,-1 (orc
                  | warrior; floor).
  1636 | D:3      | HP: 5/23 [orc warrior/+0 dire flail (10)]
  1637 | D:3      | 1637 ||| DRINKING potion of heal wounds.
  1639 | D:3      | Killed an orc warrior
  1640 | D:3      | Reached skill level 3 in Fighting
  1640 | D:3      | Reached XP level 5. HP: 28/28 MP: 6/6
  1745 | D:3      | Found Hentudd's Magic Scroll Shoppe.
  1748 | D:3      | 1748 ||| BUYING scroll of identify (20 gold).
  1748 | D:3      | Bought a scroll of identify for 20 gold pieces
  1748 | D:3      | 1748 ||| BUYING scroll of identify (20 gold).
  1748 | D:3      | Bought a scroll of identify for 20 gold pieces
  1748 | D:3      | 1748 ||| BUYING scroll of identify (20 gold).
  1748 | D:3      | Bought a scroll of identify for 20 gold pieces
  1799 | D:3      | Noticed Grinder
  1815 | D:3      | Paralysed by Grinder for 5 turns
  1821 | D:3      | Killed Grinder
  1822 | D:3      | Reached skill level 6 in Ranged Weapons
  1822 | D:3      | Reached XP level 6. HP: 28/32 MP: 7/7
  1970 | D:3      | Found Kigajes's Weapon Emporium.
  1978 | D:3      | 1978 ||| SHOPLISTING +2 arbalest of flaming (261 gold, have
                  | 60).
  1978 | D:3      | 1978 ||| SHOPLISTING +5 orcbow of electrocution (464 gold,
                  | have 60).
  2013 | D:3      | Noticed a +0 hand axe
  2013 | D:3      | Noticed a +0 dagger
  2229 | D:3      | Found a bloodstained altar of Trog.
  2231 | D:3      | Noticed a wizard
  2237 | D:3      | Killed a wizard
  2243 | D:3      | 2243 ||| DROPPING ring of magical power.
  2244 | D:3      | 2244 ||| READING 4 scrolls of identify.
  2244 | D:3      | 2244 ||| IDENTIFYING scroll labelled GIGHUT QELL
  2245 | D:3      | 2245 ||| DROPPING scroll of silence.
  2300 | D:4      | Noticed Blork the orc
  2316 | D:4      | Killed Blork the orc
  2317 | D:4      | Reached skill level 6 in Dodging
  2317 | D:4      | Reached XP level 7. HP: 33/36 MP: 8/8
  2484 | D:4      | Found a staircase to the Ecumenical Temple.
  2485 | D:4      | 2485 ||| PLANNING TEMPLE
  2490 | Temple   | Entered the Ecumenical Temple
  2491 | Temple   | 2491 ||| PLANNING D:1-11
  2696 | D:4      | Noticed Duvessa
  2696 | D:4      | Noticed Dowan
  2705 | D:4      | Killed Dowan
  2708 | D:4      | Slain by Duvessa

Levels and vault maps discovered:
D:1:      ncdulo_watergridlock, layout_rooms, serial_curves, eino_curves_04,
          eino_curves_04
D:2:      layout_rooms, minmay_bisected, uniq_crazy_yiuf_cottage
D:3:      layout_loops_ring, dancing_weapons_uskayaw, trog_wizard, serial_shops,
          shop, shop, kennysheep_generic_room_3, uniq_grinder
D:4:      nicolae_BIG_FREAKIN_CUBE, layout_cave_pods,
          minmay_temple_entry_nine_rooms, uniq_duvessa, uniq_blork_the_orc,
          uniq_natasha
Temple:   nicolae_temple_x_marks_the_god

Skill      XL: |  1  2  3  4  5  6  7 |
---------------+----------------------+-----
Dodging        | 4 5 6 7 |  7.2
Ranged Weapons | 5 6 7 |  7.0
Fighting       | 3 |  3.0
Stealth        | |  1.5

Action                     |  1- 3 |  4- 6 |  7- 9 || total
---------------------------+-------+-------+-------++-------
   Fire: Shortbow          |    96 |   147 |    37 ||   280
  Evoke: Wand              |       |     4 |       ||     4
    Use: Scroll            |     2 |     5 |       ||     7
         Potion            |       |     4 |       ||     4
 Armour: Robe              |     9 |     9 |     8 ||    26
  Dodge: Dodged            |    55 |    51 |    22 ||   128

Table legend:
 A = Non-vault XP
 B = Vault XP
 C = Vault XP percentage of total XP
 D = Non-vault monster count
 E = Vault monster count
 F = Vault count percentage of total count
                 A         B        C        D         E       F
            +---------+---------+-------+---------+---------+-------
      Total |     653 |     429 |  39.6 |      75 |       8 |   9.6
            +---------+---------+-------+---------+---------+-------
        D:1 |      55 |       0 |   0.0 |      24 |       0 |   0.0
        D:2 |      46 |      12 |  20.7 |      12 |       4 |  25.0
        D:3 |     285 |     246 |  46.3 |      30 |       2 |   6.2
        D:4 |     267 |     171 |  39.0 |       9 |       2 |  18.2
            +---------+---------+-------+---------+---------+-------
